 Dungeon Sprint DCSS version 0.30-a0-778-g2ef04afb54 (webtiles) character file.

Game seed: 9587302227522208194

8986 BigDaddyOpFi the End of an Era (level 11, -4/90 (95) HPs)
             Began as a Demonspawn Fighter on Feb 16, 2023.
             Was the Champion of Qazlal.
             Succumbed to a redback's poison
             ... in the Dungeon (Sprint VII: "The Pits").
             The game lasted 00:03:37 (2194 turns).

BigDaddyOpFi the End of an Era (Demonspawn Fighter) Turns: 2194, Time: 00:03:38

HP:   -4/90 (95)    AC: 26    Str: 21    XL:     11   Next: 17%
MP:   25/25         EV:  5    Int: 13    God:    Qazlal [******]
Gold: 7             SH: 24    Dex: 15    Spells: 10/10 levels left

rFire   . . .      SeeInvis .    q - +3 broad axe (heavy)
rCold   . . .      Faith    .    s - +0 kite shield
rNeg    . . .      Spirit   .    o - +5 plate armour
rPois   .          Reflect  .    (helmet restricted)
rElec   .          Harm     .    b - +1 cloak {Will+}
rCorr   .          Rampage  .    (no gloves)
Will    +....      NoTele   +    p - +0 pair of boots Stlth
                                 (no amulet)
HPRegen 0.35/turn                l - +3 ring of intelligence
MPRegen 0.19/turn                m - +3 ring of dexterity

@: lethally poisoned (-4 -> -32), protected from physical damage, drained, repel
missiles
A: horns 1, large bone plates 1, demonic magic 2
a: Renounce Religion, Upheaval, Elemental Force, Disaster Area


You were in the Dungeon.
You worshipped Qazlal.
Qazlal was exalted by your worship.
You visited 1 branch You collected 7 gold pieces.

Inventory:

Hand Weapons
 q - a +3 heavy broad axe (weapon)
Armour
 b - a +1 cloak of willpower (worn)
 o - a +5 plate armour (worn)
 p - a +0 pair of boots (worn)
 s - a +0 kite shield (worn)
Jewellery
 l - a +3 ring of intelligence (left hand)
 m - a +3 ring of dexterity (right hand)
 r - a ring of protection from fire
 x - a ring of willpower
Wands
 j - a wand of acid (7)
Scrolls
 d - a scroll of poison
 t - 3 scrolls of fog
 u - 3 scrolls of blinking
 y - 2 scrolls of identify
Potions
 a - 2 potions of might
 e - 10 potions of curing
 f - 11 potions of heal wounds
 g - 2 potions of haste
 h - 4 potions of magic
 i - 3 potions of berserk rage
 k - 2 potions of invisibility
 n - 4 potions of brilliance


   Skills:
 + Level 11.8 Fighting
 + Level 10.7 Axes
 + Level 10.9 Armour
 + Level 11.0 Shields
 * Level 20.3 Invocations


You had 10 spell levels left.
You didn't know any spells.
Your spell library was empty.

Dungeon Overview and Level Annotations

Branches:
Dungeon (1/1)

Altars:
Ashenzari
Cheibriados
Dithmenos
Fedhas
Gozag
Hepliaklqana
Kikubaaqudgha
Makhleb
Nemelex Xobeh
Okawaru
Qazlal
Ru
Sif Muna
Trog
Uskayaw
Vehumet
Wu Jian
Xom
Yredelemnul
Jiyva
Lugonu


Innate Abilities, Weirdness & Mutations

You have a pair of small horns on your head.
You are partially covered in large bone plates. (SH +4)
Spells you cast may paralyse nearby enemies.


Message History

The eidolon hits you. You block the eidolon's attack.
You block the yak's attack.
The redback bites you but does no damage. x2
The yak gores you but does no damage. You block the eidolon's attack.
The eidolon hits you but does no damage.
You barely miss the eidolon. You slice the yak!! You slice the redback!!
You block the redback's attack.
The eidolon is engulfed in blazing flames.
The eidolon gestures.
The eidolon radiates an aura of fear!
You resist with some effort.
The yak is engulfed in freezing vapours.
You block the yak's attack. The redback bites you.
You are poisoned.
The redback poisons you! The yak gores you but does no damage.
The eidolon is engulfed in blazing flames.
The eidolon stares piercingly at you. The bolt of negative energy hits you!
You feel drained. You block the redback's attack.
You hit the eidolon.
The eidolon is moderately damaged.
You slash the yak! You slash the redback!
You kill the redback!
Qazlal accepts your kill.
You feel extremely sick.
The eidolon is engulfed in blazing flames.
The eidolon stares piercingly at you. The bolt of negative energy hits you!!!
You feel drained.
Ouch! That really hurt!
* * * LOW HITPOINT WARNING * * *
The yak is engulfed in freezing vapours.
You block the yak's attack.
Your Shields skill increases to level 11!
You hit the eidolon but do no damage.
You headbutt the eidolon, but do no damage.
The eidolon is moderately damaged.
You slice the yak!!
You kill the yak!
Qazlal accepts your kill.
You closely miss the yak.
You die...

''##### ''################ ####
#########
≈.#≈.≈..........)###..##....#..#[
..##≈†.†....).))..#..##.#.#.#..#.
..####...#'######)..##......#..#.
..#..#####.##...##)##)#.#.#.#.!#.
..#....##...#...#.○.#.......##'##
..'.....#...#...#°..#.......#....
..'.÷÷.)'...+.YW@.§.'.......'....
..'.....#...#..Y#.§.#.......#....
..#.)..##.).#...#...#.......##'##
..#..#####.##...##'##.#.#.#.#).#.
..####...#'######...##......#}.#.
..##......[.......#..##.#.#.#).#.
..#.......)......###..##....#..#.
################## ### #########


You could see an eidolon and 2 yaks.

Vanquished Creatures
  A hydra (D)
  A boulder beetle (D)
  A deep troll (D)
  2 flayed ghosts (D)
  A phantasmal warrior (D)
  A bog body (D)
  A lindwurm (D)
  An elephant (D)
  A komodo dragon (D)
  A kobold demonologist (D)
  An ice devil (D)
  A hellwing (D)
  A hornet (D)
  2 snapping turtles (D)
  A shadow (D)
  A spriggan (D)
  A wyvern (D)
  2 yaks (D)
  2 steam dragons (D)
  3 redbacks (D)
  A floating eye (D)
  A water moccasin (D)
  An orc warrior (D)
  An ogre (D)
  2 black bears (D)
  7 wolves (D)
  3 kobold brigands (D)
  A bullfrog (D)
  A scorpion (D)
  A crimson imp (D)
  A quasit (D)
  A gnoll bouda (D)
  Crazy Yiuf (D)
  An iron imp (D)
  An orc priest (D)
  Jessica (D)
  An iguana (D)
  2 orc wizards (D)
  A hell rat (D)
  3 gnolls (D)
  An adder (D)
  A white imp (D)
  2 ufetubi (D)
  4 orcs (D)
  A bat zombie (D)
  An endoplasm (D)
  A giant cockroach (D)
  A goblin (D)
  2 hobgoblins (D)
  4 jackals (D)
  A kobold (D)
  A ball python skeleton (D)
  2 bats (D)
  A quokka skeleton (D)
  A rat (D)
82 creatures vanquished.

Notes
Turn   | Place    | Note
-------+----------+-------------------------------------------
     0 | D        | BigDaddyOpFi the Demonspawn Fighter began the quest for the
                  | Orb.
     0 | D        | Reached XP level 1. HP: 18/18 MP: 1/1
    20 | D        | Found a bloodstained altar of Trog.
    20 | D        | Found a shimmering blue altar of Sif Muna.
    20 | D        | Found a viscous altar of Jiyva.
    20 | D        | Found a hazy altar of Hepliaklqana.
    20 | D        | Found an opulent altar of Gozag.
    21 | D        | Found a basalt altar of Yredelemnul.
    21 | D        | Found a shimmering altar of Xom.
    21 | D        | Found an ornate altar of the Wu Jian Council.
    21 | D        | Found a sacrificial altar of Ru.
    21 | D        | Found a stormy altar of Qazlal.
    21 | D        | Found an iron altar of Okawaru.
    21 | D        | Found a sparkling altar of Nemelex Xobeh.
    21 | D        | Found a burning altar of Makhleb.
    21 | D        | Found a blossoming altar of Fedhas.
    21 | D        | Found a shadowy altar of Dithmenos.
    21 | D        | Found a snail-covered altar of Cheibriados.
    22 | D        | Found a radiant altar of Vehumet.
    22 | D        | Found a corrupted altar of Lugonu.
    23 | D        | Found an ancient bone altar of Kikubaaqudgha.
    23 | D        | Found a hide-covered altar of Uskayaw.
    23 | D        | Found a broken altar of Ashenzari.
    26 | D        | Became a worshipper of Qazlal Stormbringer
    73 | D        | Noticed a floating eye
    76 | D        | Killed a floating eye
    77 | D        | Reached skill level 6 in Invocations
    77 | D        | Gained mutation: You are partially covered in large bone
                  | plates. (SH +4) [demonic ancestry]
    77 | D        | Reached XP level 2. HP: 26/26 MP: 1/6
    77 | D        | Reached XP level 3. HP: 31/31 MP: 1/7
    77 | D        | Reached XP level 4. HP: 38/38 MP: 1/8
   245 | D        | Reached * piety under Qazlal
   392 | D        | Noticed a scorpion
   397 | D        | Killed a scorpion
   397 | D        | Reached ** piety under Qazlal
   398 | D        | Reached skill level 5 in Fighting
   398 | D        | Reached skill level 7 in Invocations
   398 | D        | Gained mutation: Spells you cast may paralyse adjacent
                  | enemies. [demonic ancestry]
   398 | D        | Reached XP level 5. HP: 44/44 MP: 8/10
   401 | D        | Reached skill level 5 in Armour
   471 | D        | Noticed a black bear
   484 | D        | Reached *** piety under Qazlal
   485 | D        | Reached skill level 5 in Shields
   485 | D        | Reached skill level 8 in Invocations
   491 | D        | Reached skill level 5 in Axes
   491 | D        | Reached skill level 9 in Invocations
   491 | D        | Gained mutation: You have a pair of small horns on your
                  | head. [demonic ancestry]
   491 | D        | Reached XP level 6. HP: 52/52 MP: 10/12
   497 | D        | Reached skill level 10 in Invocations
   504 | D        | Reached **** piety under Qazlal
   521 | D        | Reached ***** piety under Qazlal
   651 | D        | Noticed Crazy Yiuf
   654 | D        | Killed Crazy Yiuf
   665 | D        | Noticed a steam dragon
   674 | D        | Killed a steam dragon
   675 | D        | Reached skill level 11 in Invocations
   675 | D        | Gained mutation: Spells you cast may paralyse nearby
                  | enemies. [demonic ancestry]
   675 | D        | Reached XP level 7. HP: 51/59 MP: 15/15
   702 | D        | Noticed Jessica
   711 | D        | Killed Jessica
   720 | D        | Reached skill level 12 in Invocations
   735 | D        | Reached ****** piety under Qazlal
   842 | D        | Noticed a phantasmal warrior
   844 | D        | Reached skill level 13 in Invocations
   844 | D        | Reached XP level 8. HP: 68/68 MP: 8/18
   860 | D        | Killed a phantasmal warrior
   861 | D        | Reached skill level 14 in Invocations
  1323 | D        | Noticed a hornet
  1324 | D        | Noticed a bog body
  1324 | D        | Noticed a snapping turtle
  1325 | D        | Killed a bog body
  1326 | D        | Reached skill level 15 in Invocations
  1326 | D        | Reached XP level 9. HP: 76/76 MP: 11/20
  1327 | D        | Reached skill level 16 in Invocations
  1331 | D        | Noticed a kobold demonologist
  1335 | D        | Killed a kobold demonologist
  1396 | D        | Noticed a six-headed hydra
  1399 | D        | Reached skill level 10 in Fighting
  1399 | D        | Reached skill level 17 in Invocations
  1400 | D        | Reached XP level 10. HP: 54/85 MP: 8/22
  1406 | D        | Killed a six-headed hydra
  1540 | D        | Noticed a deep troll
  1542 | D        | Noticed an elephant
  1547 | D        | Killed a deep troll
  1548 | D        | Reached skill level 18 in Invocations
  1552 | D        | Killed an elephant
  1553 | D        | Reached skill level 10 in Shields
  1562 | D        | Reached skill level 10 in Armour
  1566 | D        | Noticed a flayed ghost
  1566 | D        | Noticed a lindwurm
  1568 | D        | Killed a flayed ghost
  1568 | D        | Killed a lindwurm
  1568 | D        | Noticed a flayed ghost
  1569 | D        | Reached skill level 10 in Axes
  1569 | D        | Reached skill level 19 in Invocations
  1574 | D        | Killed a flayed ghost
  1575 | D        | Noticed a boulder beetle
  1578 | D        | Reached XP level 11. HP: 29/93 MP: 14/24
  1943 | D        | Killed a boulder beetle
  1944 | D        | Reached skill level 20 in Invocations
  2187 | D        | Noticed an eidolon
  2194 | D        | Succumbed to a redback's poison

Illustrated notes

Levels and vault maps discovered:
D:        pitsprint [storerooms_1, entrance_room_1, metal_vault_1, armoury_2,
          mini_pit_1, grid_room_1, main_hall_1, silver_pit, the_coven_1,
          the_vestibule_1, steel_vault_1, golden_pit, hallway_of_sentries,
          crystal_vault_6, iron_vault_2, final_vault]

Skill      XL: |  1  2  3  4  5  6  7  8  9 10 11 |
---------------+----------------------------------+-----
Axes           | 3 4 5 6 7 8 9 10 | 10.7
Fighting       | 4 5 6 8 9 10 11 | 11.8
Armour         | 4 5 6 7 8 9 10 | 10.9
Shields        | 4 5 6 7 8 9 10 11 | 11.0
Invocations    | 6 7 9 11 13 15 17 19 20 | 20.3

Action                     |  1- 3 |  4- 6 |  7- 9 | 10-12 || total
---------------------------+-------+-------+-------+-------++-------
  Melee: War axe           |     9 |    95 |    38 |       ||   142
         Headbutt          |       |     9 |     6 |     9 ||    24
         Broad axe         |       |       |     6 |    40 ||    46
 Invoke: Disaster Area     |       |       |     6 |     3 ||     9
    Use: Potion            |       |     3 |     2 |     2 ||     7
         Scroll            |       |       |       |     5 ||     5
 Armour: Scale mail        |     2 |     7 |       |       ||     9
         Chain mail        |       |    32 |    15 |       ||    47
         Plate armour      |       |       |     7 |    42 ||    49
  Dodge: Dodged            |     1 |    37 |     7 |    10 ||    55
  Block: Buckler           |     1 |    79 |    48 |    59 ||   187
         Kite shield       |       |       |       |    13 ||    13

Table legend: (Time is in decaauts)
 A = Elapsed time spent in this place.
 B = Non-inter-level travel time spent in this place.
 C = Inter-level travel time spent in this place.
 D = Time resting spent in this place.
 E = Time spent auto-exploring this place.
 F = Levels seen in this place.
 G = Mean time per level.
                   A        B        C        D        E       F      G
               +--------+--------+--------+--------+--------+-----+--------+
         Total |   2265 |   2197 |     68 |   1465 |     29 |   1 | 2265.0 |
       Dungeon |   2265 |   2197 |     68 |   1465 |     29 |   1 | 2265.0 |
               +--------+--------+--------+--------+--------+-----+--------+

Top non-repeatable levels by time:
       D: 2265 daAuts
